 Dungeon Crawl Stone Soup version 0.18.1-50-g88ac8fd (webtiles) character file.

339 Iflex the Poker (level 6, -8/48 HPs)
             Began as a Merfolk Gladiator on Oct 1, 2016.
             Was an Initiate of Makhleb.
             Killed by divine providence
             ... invoked by an orc priest
              (11 damage)
             ... on level 4 of the Dungeon.
             The game lasted 00:12:29 (3167 turns).

Iflex the Poker (Merfolk Gladiator)                 Turns: 3167, Time: 00:12:30

Health: -8/48      AC:  4    Str: 17    XL:     6   Next: 55%
Magic:  6/6        EV: 15    Int:  7    God:    Makhleb [......]
Gold:   128        SH:  0    Dex: 15    Spells: 0 memorised, 5 levels left

rFire  + . .     SeeInvis .     s - +3 trident (freeze)
rCold  . . .     Gourm    .     p - +0 leather armour
rNeg   . . .     Faith    .     (no shield)
rPois  .         Spirit   .     c - +0 helmet
rElec  .         Dismiss  .     (no cloak)
rCorr  .         Reflect  .     (no gloves)
SustAt .         Harm     .     (no boots)
MR     .....                    (no amulet)
Stlth  ++........               (no ring)
                                g - ring of protection from fire

@: slowed, very slow, not resistant to hostile enchantments, unstealthy
A: change form in water, swift swim
a: Renounce Religion


You were on level 4 of the Dungeon.
You worshipped Makhleb.
Makhleb was noncommittal.
You were very full.

You visited 2 branches of the dungeon, and saw 5 of its levels.

You collected 128 gold pieces.

Inventory:

Hand Weapons
 a - a +0 trident
 s - a +3 trident of freezing (weapon)
Missiles
 j - 106 stones
 w - a large rock (quivered)
Armour
 b - a +0 leather armour
 c - a +0 helmet (worn)
 l - a +0 leather armour
 p - a +0 leather armour (worn)
Jewellery
 g - a ring of protection from fire (left hand)
Scrolls
 h - a scroll of blinking {unknown}
 o - a scroll of immolation {unknown}
 q - a scroll of recharging
 t - a scroll of fog {unknown}
 u - 2 scrolls of amnesia
 x - a scroll of noise {unknown}
 y - a scroll of fear {unknown}
 B - a scroll of remove curse {unknown}
Potions
 A - a potion of brilliance
 C - a potion of mutation {unknown}
Comestibles
 d - 2 chunks of flesh
 f - 5 bread rations


   Skills:
 + Level 3.7 Fighting
 + Level 7.1 Polearms
 + Level 2.3 Throwing
 + Level 1.0 Armour
 + Level 5.5 Dodging
 + Level 2.1 Stealth


You had 5 spell levels left.
You didn't know any spells.

Dungeon Overview and Level Annotations

Branches:
Dungeon (4/15)             Temple (1/1) D:4

Altars:
Ashenzari
Cheibriados
Dithmenos
Elyvilon
Fedhas
Gozag
Kikubaaqudgha
Makhleb
Nemelex Xobeh
Okawaru
Pakellas
Ru
Trog
Vehumet
Xom
Yredelemnul
Zin
The Shining One


Message History

The orc wizard casts a spell at you. You resist with some effort.
The orc wizard hits you with a dagger. x2
The orc wizard hits you but does no damage.
The orc wizard closely misses you. The orc wizard hits you with a dagger.
The orc hits you with a club. The orc wizard closely misses you.
The orc wizard casts a spell at you. The magic dart hits you!
The orc priest invokes the aid of Beogh against you.
Beogh smites you! The orc hits you but does no damage.
The orc priest calls down the wrath of Beogh upon you.
Beogh smites you!
* * * LOW HITPOINT WARNING * * *
The orc hits you with a club.
* * * LOW HITPOINT WARNING * * *
The orc hits you but does no damage.
The orc priest mumbles some strange prayers to Beogh against you.
Beogh smites you!
You die...

. .# #....................
.#.#####......#.#...#......
...##.###.#..#.#.#.......#
#'###.......#.#.#.#......#
......###.#..#.>)#......#
......###...#.#.#.#.....#
.............#.#.#......####
......#####...#.#...........
......#####.....@......###..
##..........#.#ooo.....#
.........##.....o......#
..............#.....$.(#
.......##.#####.#..##...#
..........# #.##o# ##..#
#######.### #...... #(.#
........# ###..... #(#
........# ##....# .o.


You could see an orc priest, 2 orc wizards and 2 orcs.

Vanquished Creatures
  An ogre (Temple)
  A hound (Temple)
  Ijyb (D:3)
  Terence (D:3)
  A worker ant (D:4)
  6 adders
  An ooze (D:2)
  A worm (D:2)
  2 giant geckos
  8 orcs (D:3)
  2 ball pythons
  6 bats
  4 giant cockroaches
  6 goblins
  7 hobgoblins
  5 jackals
  4 quokkas
  A giant newt (D:2)
  A jackal skeleton (D:4)
  8 kobolds
  A quokka skeleton (D:4)
  14 rats
82 creatures vanquished.

Notes
Turn   | Place    | Note
--------------------------------------------------------------
     0 | D:1      | Iflex the Merfolk Gladiator began the quest for the Orb.
     0 | D:1      | Reached XP level 1. HP: 16/16 MP: 1/1
   133 | D:1      | Reached XP level 2. HP: 20/22 MP: 2/2
   512 | D:1      | Reached skill level 5 in Polearms
   546 | D:1      | Reached XP level 3. HP: 28/28 MP: 3/3
  1015 | D:2      | Reached XP level 4. HP: 31/34 MP: 4/4
  1135 | D:2      | Found an ancient bone altar of Kikubaaqudgha.
  1152 | D:2      | Reached skill level 5 in Dodging
  1354 | D:2      | Found a faded altar to an unknown god.
  1369 | D:2      | Reached skill level 6 in Polearms
  1648 | D:3      | Noticed Terence
  1662 | D:3      | Killed Terence
  1662 | D:3      | Reached skill level 1 in Stealth
  1662 | D:3      | Reached XP level 5. HP: 40/40 MP: 5/5
  1769 | D:3      | Noticed Ijyb
  1804 | D:3      | Killed Ijyb
  1907 | D:3      | Found a sparkling altar of Nemelex Xobeh.
  1921 | D:3      | Found a bloodstained altar of Trog.
  2246 | D:3      | Found a glowing silver altar of Zin.
  2515 | D:4      | Found a staircase to the Ecumenical Temple.
  2522 | D:4      | Reached XP level 6. HP: 47/47 MP: 6/6
  2532 | Temple   | Entered the Ecumenical Temple
  2618 | Temple   | Became a worshipper of Makhleb the Destroyer
  2687 | Temple   | Reached skill level 7 in Polearms
  2965 | Temple   | Reached skill level 1 in Armour
  3167 | D:4      | Killed from afar by an orc priest

Skill      XL: |  1  2  3  4  5  6 |
---------------+-------------------+-----
Polearms       | 5 6 7 |  7.1
Dodging        | 5 |  5.5
Stealth        | 1 2 |  2.1
Fighting       | 3 |  3.7
Armour         | 1 |  1.0
Throwing       | |  2.3

Action                   |  1- 3 |  4- 6 || total
-------------------------+-------+-------++-------
Melee: Trident           |    99 |   160 ||   259
Throw: Throwing net      |       |     5 ||     5
       Stone             |       |     4 ||     4
  Use: Scroll            |       |     4 ||     4
       Potion            |       |     4 ||     4
 Stab: Sleeping          |     1 |     5 ||     6
       Distracted        |     1 |     1 ||     2
       Held in net/web   |       |     3 ||     3
  Eat: Chunk             |       |     5 ||     5
       Fruit             |       |     3 ||     3
       Meat ration       |       |     1 ||     1
       Bread ration      |       |     1 ||     1
       Beef jerky        |       |     1 ||     1
Armor: Leather armour    |    26 |    23 ||    49
Dodge: Dodged            |    68 |    77 ||   145
